 Dungeon Crawl Stone Soup version 0.22-a0-144-ge17c9578eb (webtiles) character file.

2194 Azzok the Fighter (level 9, -8/63 HPs)
             Began as a Gargoyle Fighter on Feb 6, 2018.
             Was a Follower of Okawaru.
             Killed by divine providence
             ... invoked by an orc priest
              (10 damage)
             ... on level 7 of the Dungeon.
             The game lasted 00:10:39 (5993 turns).

Azzok the Fighter (Gargoyle Fighter)                Turns: 5993, Time: 00:10:40

Health: -8/63      AC: 20    Str: 23    XL:     9   Next: 34%
Magic:  9/9        EV:  4    Int:  9    God:    Okawaru [*.....]
Gold:   307        SH:  9    Dex:  9    Spells: 8/8 levels left

rFire    . . .     SeeInvis .   v - +4 dagger (venom)
rCold    . . .     Gourm    .   q - +0 shield (curse)
rNeg     + . .     Faith    .   g - +0 plate armour
rPois    ∞         Spirit   .   w - +0 helmet
rElec    +         Reflect  .   s - +0 cloak {+Inv}
rCorr    .         Harm     .   (no gloves)
MR       .....                  (no boots)
Stlth    ..........             (no amulet)
HPRegen  0.20/turn              k - ring of loudness (curse)
MPRegen  0.11/turn              (no ring)

@: no status effects
A: negative energy resistance 1, electricity resistance, unbreathing,
petrification resistance, rot immunity, AC +6
a: Heroism, Renounce Religion, Evoke Invisibility


You were on level 7 of the Dungeon.
You worshipped Okawaru.
Okawaru was aware of your devotion.
You were not hungry.

You visited 2 branches of the dungeon, and saw 8 of its levels.

You collected 327 gold pieces.
You spent 20 gold pieces at shops.

Inventory:

Hand Weapons
 a - a +0 long sword
 r - a +3 quarterstaff of chaos
 v - a +4 dagger of venom (weapon)
 D - a +0 shortbow
Missiles
 E - 61 arrows
Armour
 g - a +0 plate armour (worn)
 q - a cursed +0 shield (worn)
 s - a +0 cloak of invisibility (worn)
 w - a +0 helmet (worn)
Jewellery
 k - a cursed ring of loudness (left hand)
Wands
 c - a wand of disintegration (13)
 G - a wand of acid (7)
Scrolls
 h - 2 scrolls of enchant weapon {unknown}
 j - 4 scrolls of remove curse {unknown}
 l - 6 scrolls of identify {unknown}
 m - 5 scrolls of enchant armour {unknown}
 n - 3 scrolls of teleportation {unknown}
 o - a scroll of blinking {unknown}
 x - a scroll of magic mapping {unknown}
 y - 3 scrolls of amnesia {unknown}
 A - a scroll of fog {unknown}
 C - a scroll of immolation {unknown}
 H - a scroll of silence {unknown}
Potions
 b - 2 potions of lignification {unknown}
 d - a potion of might
 e - 3 potions of ambrosia {unknown}
 i - 2 potions of curing {unknown}
 p - 4 potions of agility {unknown}
 t - 2 potions of flight {unknown}
 z - a potion of degeneration {unknown}
 B - a potion of resistance {unknown}
 J - a potion of brilliance {unknown}
Books
 u - a book of Maledictions

   Spells                             Type                      Level
   a - Corona                         Hexes                        1
   b - Ensorcelled Hibernation        Hexes/Ice                    2
   c - Confuse                        Hexes                        3
   d - Tukima's Dance                 Hexes                        3
   e - Dazzling Spray                 Conjuration/Hexes            3
 I - a book of Necromancy

   Spells                             Type                      Level
   a - Pain                           Necromancy                   1
   b - Animate Skeleton               Necromancy                   1
   c - Vampiric Draining              Necromancy                   3
   d - Regeneration                   Charms/Necromancy            3
   e - Animate Dead                   Necromancy                   4
Comestibles
 f - 15 rations


   Skills:
 + Level 10.3 Fighting
 - Level 1.7 Long Blades
 + Level 5.1 Bows
 - Level 3.2 Armour
 - Level 7.2 Stealth
 - Level 3.2 Shields


You had 8 spell levels left.
You didn't know any spells.

Dungeon Overview and Level Annotations

Branches:
Dungeon (7/15)             Temple (1/1) D:7

Altars:
Cheibriados
Dithmenos
Gozag
Hepliaklqana
Kikubaaqudgha
Okawaru
Vehumet
Xom
Yredelemnul
The Shining One

Shops:
D:7 =

Annotations:
D:4 1 runed door


Innate Abilities, Weirdness & Mutations

You are resistant to torment.
Your stone body is resilient. (AC +6)
You are immune to poison.
You resist negative energy. (rN+)
You are resistant to electric shocks. (rElec)
You can survive without breathing.
You are immune to petrification.
You are immune to rotting.


Message History

* * * LOW HITPOINT WARNING * * *
The crimson imp hits you but does no damage.
You hear a shout!
The crimson imp blinks!
The orc priest hits you with a hand axe.
* * * LOW HITPOINT WARNING * * *
An orc priest comes into view. It is wielding a flail.
You hit the orc priest.
The orc priest is poisoned.
The orc priest is lightly wounded.
The orc priest calls down the wrath of Beogh upon you.
Beogh smites you!
* * * LOW HITPOINT WARNING * * *
The orc priest begins to cast a cantrip, but forgets the words!
Your shield and plate armour prevent you from hitting the orc priest.
The orc priest is lightly wounded.
The orc priest hits you but does no damage.
The orc priest looks braver for a moment.
The orc priest mumbles some strange prayers to Beogh against you.
Beogh smites you!
You die...

▒_▒··▒·)▒····▒▒··▒ ▒▒
▒▒·▒··▒··▒·▒▒▒▒··▒ ▒▒▒▒▒▒▒▒▒· ▒
▒▒··▒▒▒··▒▒▒▒▒··▒▒···········
··>▒▒▒▒▒▒▒▒▒···················
·····▒▒▒·▒···▒▒▒··▒▒▒·▒▒▒▒▒▒▒▒·
·····)·························
▒··▒▒▒·▒···▒······▒·▒▒▒▒▒▒▒▒·
▒······▒···▒[····▒▒· ▒·
··▒·······o5o@·····▒·▒ ▒·
▒▒▒▒▒▒▒··o▒···▒··▒·▒▒▒▒▒▒▒▒·
··▒···▒······▒·······▒▒·
▒·▒··o▒···▒▒▒▒····≈≈·≈≈·
·▒▒▒▒▒·▒···▒·▒·▒ ▒····≈▒╬▒≈·
············▒···▒ ▒·····'∩╬··
▒▒▒▒▒▒▒···▒o▒▒▒▒▒▒▒▒····≈▒'▒≈▒
▒·▒··)············≈≈·≈≈·
▒▒▒▒······▒▒▒▒·····▒····


You could see 3 orc priests and a crimson imp.

Vanquished Creatures
  2 steam dragons (D:6)
  2 orc warriors (D:7)
  A sky beast (D:7)
  The ghost of Abracadabra the Chopper, an amateur HOFi (D:3)
  A necrophage (D:7)
  3 ogres
  2 centaurs
  A big kobold (D:7)
  A bullfrog (D:4)
  2 howler monkeys
  3 crimson imps
  A jelly (D:6)
  An orc priest (D:6)
  A bullfrog skeleton (D:4)
  6 orc wizards
  Crazy Yiuf (D:2)
  Jessica (D:2)
  Natasha (thrice) (D:2)
  5 worker ants
  A hound zombie (D:7)
  Robin (D:3)
  3 gnolls (D:3)
  A river rat (shapeshifter) (D:3)
  3 adders
  2 shadow imps
  3 oozes
  An adder zombie (D:6)
  An adder skeleton (D:4)
  5 worms
  A dart slug (D:2)
  4 leopard geckos
  25 orcs
  5 giant cockroaches
  15 goblins
  13 hobgoblins
  8 jackals
  13 kobolds
  A quokka (D:6)
  2 ball pythons (D:2)
  8 bats
  6 frilled lizards
  A jackal skeleton (D:2)
  A jackal zombie (D:4)
  A leopard gecko zombie (D:6)
  8 rats
171 creatures vanquished.

Notes
Turn   | Place    | Note
-------+----------+-------------------------------------------
     0 | D:1      | Azzok the Gargoyle Fighter began the quest for the Orb.
     0 | D:1      | Reached XP level 1. HP: 14/14 MP: 1/1
   183 | D:1      | Reached XP level 2. HP: 20/20 MP: 2/2
   190 | D:1      | Reached skill level 1 in Stealth
   309 | D:1      | Reached skill level 4 in Fighting
   547 | D:1      | Reached XP level 3. HP: 24/24 MP: 3/3
  1024 | D:2      | Noticed Jessica
  1027 | D:2      | Killed Jessica
  1027 | D:2      | Reached XP level 4. HP: 30/30 MP: 4/4
  1049 | D:2      | Reached skill level 5 in Fighting
  1226 | D:2      | Found a hazy altar of Hepliaklqana.
  1374 | D:2      | Noticed Natasha
  1380 | D:2      | Killed Natasha
  1380 | D:2      | Reached XP level 5. HP: 35/35 MP: 5/5
  1451 | D:2      | Found a runed door.
  1559 | D:2      | Noticed Crazy Yiuf
  1570 | D:2      | Killed Crazy Yiuf
  1707 | D:3      | Reached skill level 6 in Fighting
  1713 | D:3      | Reached XP level 6. HP: 40/41 MP: 6/6
  1768 | D:3      | Noticed Abracadabra's ghost (amateur HOFi)
  1792 | D:3      | Killed Abracadabra's ghost
  2129 | D:3      | Noticed Robin
  2169 | D:3      | Killed Robin
  2380 | D:3      | Reached skill level 7 in Fighting
  2621 | D:4      | Reached XP level 7. HP: 48/48 MP: 7/7
  2680 | D:4      | Reached skill level 5 in Stealth
  2693 | D:4      | Reached skill level 8 in Fighting
  2888 | D:4      | Found a runed door.
  2889 | D:4      | Noticed a human
  2897 | D:4      | Found a basalt altar of Yredelemnul.
  3096 | D:5      | Entered Level 5 of the Dungeon
  3206 | D:5      | Reached XP level 8. HP: 51/55 MP: 8/8
  3284 | D:2      | Noticed Natasha
  3285 | D:2      | Killed Natasha
  3319 | D:2      | Noticed Natasha
  3326 | D:2      | Killed Natasha
  3454 | D:5      | Reached skill level 1 in Bows
  3903 | D:6      | Reached skill level 9 in Fighting
  3921 | D:6      | HP: 1/56 [something] (11)]
  4773 | D:6      | Found a radiant altar of Vehumet.
  5214 | D:7      | Found a staircase to the Ecumenical Temple.
  5226 | Temple   | Entered the Ecumenical Temple
  5268 | Temple   | Became a worshipper of Warmaster Okawaru
  5399 | D:7      | Reached XP level 9. HP: 62/62 MP: 9/9
  5524 | D:7      | Reached skill level 10 in Fighting
  5540 | D:7      | Found Detho's Jewellery Shoppe.
  5543 | D:7      | Bought a cursed -3 ring of strength for 20 gold pieces
  5553 | D:7      | Found a shimmering altar of Xom.
  5589 | D:7      | Reached * piety under Okawaru
  5748 | D:7      | Reached skill level 5 in Bows
  5944 | D:7      | Found an ancient bone altar of Kikubaaqudgha.
  5992 | D:7      | HP: 2/63 [orc priest/divine providence (15)]
  5993 | D:7      | Killed from afar by an orc priest

Vault maps used:
D:1:      nicolae_arrival_washed_ashore
D:2:      nicolae_overflow_crystal_walls, interstate_on_off,
          uniq_crazy_yiuf_cottage, uniq_jessica, uniq_natasha
D:3:      serial_forest, infiniplex_forest_clump_C,
          infiniplex_forest_lined_room_2, infiniplex_forest_straight_4,
          infiniplex_forest_clump_tiny, infiniplex_forest_end_double, uniq_robin
D:4:      first_ration, dk_yredelemnul_ordeal
D:6:      cheibrodos_steamvent, vehumet_altar_wand_db
D:7:      marbit_many_paths, temple_green, basic_altar, serial_shops,
          kennysheep_mini_moat
Temple:   hc_temple_tempest_star

Skill      XL: |  1  2  3  4  5  6  7  8  9 |
---------------+----------------------------+-----
Stealth        | 1 2 3 4 5 7 |  7.2
Fighting       | 4 5 6 7 8 9 10 | 10.3
Bows           | 3 5 |  5.1
Long Blades    | |  1.7
Armour         | |  3.2
Shields        | |  3.2

Action                   |  1- 3 |  4- 6 |  7- 9 || total
-------------------------+-------+-------+-------++-------
Melee: Long sword        |   106 |    54 |       ||   160
       Quarterstaff      |       |    97 |       ||    97
       Dagger            |       |    38 |   357 ||   395
  Use: Potion            |       |       |     1 ||     1
  Eat: Chunk             |     1 |     5 |     8 ||    14
       Ration            |       |       |     1 ||     1
Armor: Plate armour      |    91 |   171 |   190 ||   452
Dodge: Dodged            |    35 |    67 |    53 ||   155
Block: Shield            |       |    16 |   119 ||   135
       Rpst.: Long sword |    10 |     2 |       ||    12

Table legend:
 A = Spawn XP
 B = Non-spawn XP
 C = Spawn XP percentage of total XP
 D = Spawn monster count
 E = Non-spawn monster count
 F = Spawn count percentage of total count
 G = Total turns spent on level
                    A         B        C        D         E        F      G
               +---------+---------+-------+---------+---------+-------+---------
         Total |       0 |    3135 |   0.0 |       0 |     171 |   0.0 |  5993
               +---------+---------+-------+---------+---------+-------+---------
           D:1 |       0 |      35 |   0.0 |       0 |      20 |   0.0 |   709
           D:2 |       0 |     258 |   0.0 |       0 |      31 |   0.0 |  1032
           D:3 |       0 |     365 |   0.0 |       0 |      45 |   0.0 |   950
           D:4 |       0 |     532 |   0.0 |       0 |      29 |   0.0 |   562
           D:5 |       0 |     218 |   0.0 |       0 |       5 |   0.0 |   561
           D:6 |       0 |     763 |   0.0 |       0 |      25 |   0.0 |  1377
           D:7 |       0 |     964 |   0.0 |       0 |      16 |   0.0 |   747
               +---------+---------+-------+---------+---------+-------+---------
